Map: Submarine LE

Players

Has - Winner!

  • Race: Protoss Protoss
  • Spawn Location: 11:00

Nice

  • Race: Protoss Protoss
  • Spawn Location: 5:00

Event: DreamHack SC2 Masters 2020 Summer TwHkMoJp

VOD

Have the link to the VOD?

Description

Time

  • Played on: June 28, 2020, 10:05 a.m.
  • Length: 17:48

All games in this series

Show
View Real Time Build Order
Export as new Build Order

Has Protoss - Winner!

Build Orders:  

Get SALT Encoding   

  12  0:00  Probe  
  13  0:12  Probe  
  14  0:18  Pylon  
  14  0:22  Probe  
  15  0:32  Probe  
  15  0:38  Gateway  
  15  0:40  Probe  
  16  0:45  Assimilator  
  17  0:52  Probe  
  17  0:54  Assimilator  
  18  1:01  Probe  
  18  1:07  Gateway  
  18  1:09  Probe  
  20  1:19  Probe  
  21  1:26  Cybernetics Core  
  21  1:31  Probe  
  22  1:34  Pylon  
  22  1:43  Probe  
  23  1:55  Probe  
  24  2:02  Stalker  
  24  2:03  Stalker, Warp Gate  
  24  2:07  Probe  
  29  2:12  Pylon  
  29  2:21  Probe  
  30  2:33  Robotics Facility  
  30  2:38  Stalker  
  30  2:39  Stalker  
  30  2:43  Probe  
  35  3:10  Nexus  
  35  3:12  Pylon  
  35  3:19  Stalker, Observer  
  36  3:21  Probe  
  38  3:33  Probe  
  39  3:38  Warp Prism  
  39  3:46  Probe  
  42  3:50  Shield Battery  
  42  3:53  Sentry  
  44  3:58  Probe  
  44  4:00  Pylon  
  45  4:08  Immortal  
  45  4:21  Pylon  
  47  4:26  Probe  
  47  4:36  Probe  
  48  4:41  Immortal  
  48  4:47  Adept x2  
  55  4:53  Probe  
  55  4:57  Shield Battery  
  56  5:00  Probe  
  57  5:07  Gateway  
  57  5:10  Sentry x2  
  57  5:13  Pylon  
  61  5:16  Pylon  
  61  5:17  Immortal  
  65  5:30  Probe  
  65  5:32  Probe  
  67  5:45  Robotics Bay  
  67  5:46  Probe  
  68  5:51  Probe  
  69  5:58  Probe, Pylon  
  69  6:04  Probe  
  71  6:05  Pylon  
  71  6:10  Probe  
  70  6:16  Probe  
  70  6:18  Pylon  
  71  6:22  Disruptor  
  71  6:23  Probe  
  72  6:28  Probe  
  72  6:30  Pylon  
  73  6:33  Assimilator  
  73  6:35  Probe  
  73  6:37  Assimilator  
  73  6:38  Stargate  
  77  6:40  Probe  
  78  6:47  Adept x2, Probe  
  78  6:48  Adept  
  85  6:55  Probe  
  85  6:57  Pylon  
  85  6:58  Gravitic Drive  
  86  7:05  Probe  
  86  7:07  Observer  
  87  7:09  Gateway  
  87  7:10  Gateway  
  87  7:12  Gateway  
  88  7:19  Phoenix, Robotics Facility  
  88  7:25  Probe  
  92  7:38  Probe  
  92  7:39  Stargate  
  92  7:44  Phoenix  
  94  7:52  Forge  
  94  7:57  Probe x2  
  96  8:00  Nexus  
  96  8:03  Pylon  
  96  8:09  Phoenix, Observer, Probe  
  99  8:13  Fleet Beacon  
  100  8:21  Probe  
  100  8:23  Phoenix  
  100  8:25  Assimilator  
  102  8:28  Phoenix x2  
  102  8:29  Assimilator  
  102  8:30  Pylon  
  102  8:31  Zealot x2  
  102  8:32  Phoenix  
  108  8:42  Phoenix  
  108  8:55  Phoenix  
  109  8:57  Zealot x3  
  90  9:10  Stalker x2  
  88  9:20  Stalker x2  
  88  9:25  Stalker  
  88  9:28  Warp Prism  
  88  9:35  Stalker x2  
  92  9:49  Stalker x2  
  95  9:56  Sentry  
  95  9:58  Stalker  
  95  9:59  Stalker  
  101  10:13  Stalker x2  
  97  10:25  Stalker x3  
  85  10:40  Stalker x2  
  89  10:49  Probe x2  
  83  11:02  Protoss Ground Weapons Level 1, Probe  
  80  11:04  Stalker x5  
  80  11:05  Probe  
  80  11:06  Twilight Council  
  80  11:11  Forge, Probe  
  90  11:14  Probe  
  90  11:15  Shield Battery  
  90  11:16  Photon Cannon  
  91  11:18  Probe  
  92  11:27  Twilight Council  
  92  11:32  Phoenix x2  
  92  11:33  Disruptor  
  92  11:34  Probe  
  92  11:35  Probe  
  92  11:36  Pylon  
  96  11:45  Protoss Ground Armor Level 1  
  101  11:52  Photon Cannon  
  101  11:54  Phoenix x2  
  101  11:56  Blink  
  101  12:01  Probe x2  
  101  12:02  Probe  
  101  12:03  Observer  
  101  12:13  Probe x2  
  104  12:15  Phoenix  
  104  12:19  Phoenix  
  108  12:25  Photon Cannon  
  108  12:26  Disruptor  
  111  12:34  Phoenix  
  111  12:43  Anion Pulse-Crystals  
  113  12:45  Phoenix  
  113  12:51  Probe x2  
  117  12:59  Phoenix  
  117  13:03  Disruptor  
  117  13:05  Robotics Facility  
  122  13:10  Photon Cannon  
  122  13:12  Phoenix, Pylon  
  123  13:21  Zealot x5  
  133  13:28  Photon Cannon  
  133  13:29  Phoenix  
  133  13:33  Phoenix  
  133  13:39  Disruptor  
  133  13:40  Pylon  
  138  13:46  Zealot x3  
  144  13:49  Pylon  
  144  13:50  Protoss Ground Weapons Level 2  
  144  13:53  Phoenix  
  146  14:00  Probe  
  147  14:03  Phoenix  
  147  14:04  Protoss Ground Armor Level 2  
  147  14:08  Disruptor  
  152  14:21  Stalker x3  
  159  14:40  Immortal  
  159  14:43  Stalker x2  
  159  14:44  Stalker x2  
  168  14:57  Pylon  
  168  14:59  Phoenix  
  170  15:06  Mothership  
  168  15:15  Observer  
  168  15:17  Nexus  
  173  15:40  Disruptor  
  173  15:41  Phoenix  
  173  15:42  Phoenix, Pylon x2  
  176  15:56  Pylon  
  176  15:58  Probe x2  
  176  15:59  Assimilator  
  176  16:01  Disruptor  
  176  16:03  Assimilator  
  181  16:20  Photon Cannon  
  181  16:27  Stalker x4  
  189  16:47  Pylon  
  189  16:51  Stalker x3  
  195  16:54  Stalker  
  195  16:55  Observer  
  195  16:57  Stalker  
  200  17:12  Pylon  
  200  17:19  Nexus  
Show
View Real Time Build Order
Export as new Build Order

Nice Protoss 

Build Orders: Chargelot Immortal 

Get SALT Encoding   

  12  0:01  Probe  
  13  0:13  Probe  
  14  0:20  Pylon  
  14  0:25  Probe  
  15  0:35  Probe  
  15  0:39  Gateway  
  16  0:43  Probe  
  16  0:48  Assimilator  
  17  0:52  Assimilator, Probe  
  18  1:00  Probe  
  18  1:08  Gateway, Probe  
  20  1:19  Probe  
  21  1:26  Cybernetics Core  
  21  1:31  Probe  
  22  1:36  Pylon  
  22  1:43  Probe  
  23  1:54  Warp Gate  
  23  1:55  Probe  
  24  2:03  Adept x2  
  24  2:07  Probe  
  29  2:12  Pylon  
  29  2:25  Shield Battery  
  29  2:33  Adept x2  
  33  3:01  Nexus  
  33  3:05  Adept x2  
  35  3:11  Shield Battery  
  34  3:14  Probe  
  35  3:23  Robotics Facility  
  35  3:26  Probe  
  34  3:41  Probe  
  35  3:43  Stalker x2  
  39  3:59  Pylon  
  39  4:05  Observer  
  39  4:12  Probe  
  39  4:13  Probe  
  39  4:15  Sentry x2, Observer  
  46  4:21  Immortal  
  46  4:24  Probe  
  46  4:25  Probe  
  48  4:40  Probe  
  48  4:41  Stalker x2  
  48  4:43  Probe  
  54  4:51  Pylon  
  54  4:53  Probe  
  54  4:55  Probe  
  56  5:05  Probe  
  56  5:06  Immortal  
  61  5:08  Probe  
  62  5:19  Probe  
  63  5:22  Probe  
  64  5:29  Stargate  
  64  5:31  Probe  
  64  5:33  Pylon  
  64  5:34  Probe  
  66  5:36  Warp Prism, Observer  
  66  5:43  Probe  
  66  5:46  Twilight Council, Probe  
  70  5:55  Assimilator, Probe  
  70  5:56  Assimilator  
  71  5:58  Probe  
  71  6:02  Shield Battery  
  72  6:04  Pylon  
  72  6:08  Immortal  
  72  6:09  Phoenix  
  69  6:14  Probe x2  
  75  6:27  Observer  
  75  6:29  Probe x2  
  75  6:32  Charge  
  76  6:33  Phoenix  
  78  6:41  Probe x2  
  78  6:43  Sentry  
  82  6:52  Pylon  
  82  6:53  Immortal  
  86  7:01  Gateway  
  86  7:04  Phoenix  
  86  7:09  Gateway  
  88  7:21  Phoenix  
  88  7:27  Stargate  
  84  7:40  Phoenix  
  84  7:46  Gateway  
  84  7:48  Gateway  
  86  7:58  Phoenix  
  86  7:59  Observer  
  86  8:09  Phoenix  
  86  8:12  Nexus  
  90  8:13  Pylon  
  90  8:16  Zealot x2  
  94  8:23  Phoenix  
  94  8:26  Phoenix, Pylon  
  94  8:27  Pylon  
  94  8:31  Probe x2  
  98  8:41  Pylon  
  100  8:46  Phoenix, Zealot  
  94  9:04  Zealot  
  94  9:05  Zealot x3  
  84  9:11  Zealot x2  
  84  9:15  Phoenix  
  84  9:22  Phoenix  
  76  9:24  Probe  
  76  9:25  Probe  
  76  9:28  Probe  
  79  9:35  Phoenix  
  77  9:40  Templar Archives  
  79  9:46  Phoenix  
  79  9:47  Zealot x2  
  79  9:52  Phoenix  
  85  9:54  Probe  
  88  10:07  Zealot x3  
  88  10:11  Zealot  
  88  10:12  Zealot  
  87  10:23  Zealot  
  81  10:31  High Templar  
  81  10:32  High Templar x3  
  81  10:33  Zealot  
  85  10:35  Archon  
  85  10:36  Archon  
  77  10:43  Zealot  
  74  10:52  Stalker  
  74  10:55  Phoenix x2  
  70  10:59  Zealot x2  
  70  11:08  Immortal  
  72  11:11  Stalker x2  
  72  11:14  Sentry  
  78  11:21  Probe x3  
  81  11:32  Probe x3  
  81  11:34  High Templar  
  81  11:35  High Templar  
  88  11:40  Archon, Probe x3  
  90  11:48  Probe  
  90  11:49  Immortal  
  90  11:50  Probe  
  90  11:52  Probe  
  96  11:54  Shield Battery  
  97  12:05  Pylon  
  97  12:08  Probe x2  
  100  12:12  Forge, High Templar x2  
  103  12:15  Assimilator  
  103  12:16  Archon  
  103  12:17  Assimilator  
  103  12:26  Pylon  
  103  12:29  Blink  
  107  12:31  Observer  
  107  12:35  Zealot x3  
  113  12:44  Robotics Bay  
  110  12:50  Stalker  
  110  12:51  Stalker x2  
  116  12:55  Protoss Ground Weapons Level 1  
  114  12:59  Stalker x2  
  114  13:00  Stalker  
  118  13:08  Photon Cannon  
  118  13:12  Photon Cannon  
  118  13:13  Photon Cannon  
  118  13:16  Stalker  
  118  13:18  Stalker, Observer  
  122  13:31  Stalker x2  
  126  13:43  Stalker x4  
  126  13:46  Phoenix x2  
  138  14:12  Phoenix x2  
  142  14:17  Stargate  
  142  14:18  Nexus  
  142  14:20  Pylon  
  142  14:21  Photon Cannon  
  137  14:36  Phoenix  
  137  14:37  Phoenix  
  138  14:46  Fleet Beacon  
  138  14:53  Phoenix x2  
  136  15:02  Probe x2  
  136  15:04  Probe  
  143  15:15  Probe x2  
  143  15:17  Shield Battery  
  142  15:23  Phoenix  
  142  15:26  Phoenix  
  142  15:37  Phoenix  
  138  15:52  Anion Pulse-Crystals, Phoenix  
  137  15:58  Observer  
  137  16:01  High Templar x2  
  137  16:02  Stalker  
  144  16:10  Archon  
  144  16:13  Phoenix  
  144  16:14  Assimilator  
  144  16:16  Assimilator, Pylon  
  146  16:20  Phoenix  
  146  16:22  Phoenix  
  150  16:34  Probe x2  
  150  16:35  Probe x2  
  150  16:37  Phoenix  
  154  16:43  Phoenix  
  154  16:46  Probe x2  
  159  16:47  Probe  
  159  16:50  Zealot  
  159  16:52  Phoenix  
  161  16:54  Phoenix  
  163  17:01  Phoenix  
  163  17:08  Zealot  
  169  17:15  Phoenix  
Tags
 
Add a new tag
Caveats
  • Supply blocks, unpowered buildings, or Contaminate may cause inaccurate times.
  • Supply counts are checked every 10 seconds.